NULL
Full Scoreboard »»

Avalanche vs Islanders

Created - February 15, 2024 at 22:21

Goals
1 2 3 T
Avalanche 1 0 1 2
Islanders 2 0 2 4
Shots
1 2 3 T
Avalanche 8 7 17 32
Islanders 9 12 17 38

GoalsPenalties
1st period
1. Avalanche , Drew Doughty 3 (Sean Couturier 22, Matthew Tkachuk 26) at 0:14
2. Islanders , Anders Lee 7 (Clayton Keller 17, Jesper Bratt 15) at 18:04
3. Islanders , Bowen Byram 4 (David Perron 20, Adam Fantilli 13) at 18:46 (PP)
Sean Couturier (COL) for Hooking (Minor) at 3:33
Adam Fantilli (NYI) for Holding (Minor) at 11:59
Nick Schmaltz (NYI) for Fighting (Major) at 16:23
Josh Manson (COL) for Fighting (Major) at 16:23
Connor Murphy (COL) for Tripping (Minor) at 18:42
Anders Lee (NYI) for Interference (Minor) at 18:55
2nd period
No Goal
Jacob Trouba (NYI) for Fighting (Major) at 2:00
Matthew Tkachuk (COL) for Fighting (Major) at 2:00
Kyle Okposo (NYI) for Fighting (Major) at 2:52
Drew Doughty (COL) for Fighting (Major) at 2:52
Drew Doughty (COL) for instigated a fight (Minor) at 2:52
Drew Doughty (COL) for instigated and being the aggresor in a fight (20 Minutes Game Misconduct) at 2:52
Matthew Tkachuk (COL) for Delaying the game (Minor) at 0:00
3rd period
4. Islanders , Chandler Stephenson 7 (Nick Schmaltz 12, Brock Nelson 16) at 7:49
5. Avalanche , Matthew Tkachuk 22 (Sean Couturier 23) at 8:30 (PP)
6. Islanders , Adam Fantilli 11 (Brock Nelson 17, Brady Skjei 15) at 16:50 (PP)
Josh Manson (COL) for High sticking (Minor) at 3:22
David Perron (NYI) for Hooking (Minor) at 7:58
Jake McCabe (NYI) for Holding (Minor) at 8:25
Adam Fantilli (NYI) for Holding (Minor) at 12:34
Teuvo Teravainen (COL) for High sticking (Minor) at 16:15
Joel Armia (COL) for Hooking (Minor) at 18:49
Goalie Stats
Robin Lehner (COL), 34 saves from 38 shots - (0.895), L, 11-11-2, 60:00 minutes
Karel Vejmelka (NYI), 30 saves from 32 shots - (0.938), W, 14-12-0, 60:00 minutes
3 StarsOfficial
1 - Bowen Byram (NYI)
2 - Chandler Stephenson (NYI)
3 - Karel Vejmelka (NYI)
Referees : Unknown
Linesman : Unknown
Game Note
Josh Manson beats up Nick Schmaltz at 16:23 of 1st period
Jacob Trouba and Matthew Tkachuk fight to a draw at 2:00 of 2nd period
Kyle Okposo and Drew Doughty fight to a draw at 2:52 of 2nd period
Drew Doughty (COL) for instigated and being the aggresor in a fight (20 Minutes Game Misconduct) at 2:52
Drew Doughty ejected from game at 2:52 of 2nd period



Team Name Goals Shots Shots Attemp Shots Blocked PIM HIT PP PK FO%
Avalanche 232551849251 / 5 (20%)235%
Islanders 438721125292 / 7 (29%)165%

Avalanche
Player Name POS G A P +/- PIM HIT SHT SB MP PP MP PP SHT PK MP PK SHT FO% FOT GA TA
Adam PelechD0000050125:184:3804:5800% 000
Adam RuzickaC000-101018:190:0001:10050% 220
Andre BurakovskyLW0000015020:263:5915:04038% 800
Andrew CristallLW000000003:490:0200:0000% 000
Andrew MangiapaneLW/RW000-1023021:024:2214:54067% 300
Connor MurphyD000-2221120:442:1500:4300% 000
Dougie HamiltonD0001004222:183:5005:0200% 002
Drew DoughtyD1011270129:282:1501:0200% 000
Jani HakanpaaD000-1021018:580:0003:5800% 001
Jaycob MegnaC/LW/RW0000010316:080:0202:21023% 1300
Joel ArmiaLW/RW0000220013:070:0000:0000% 100
Jordan KyrouC/LW/RW0000000115:063:5900:00029% 1400
Josh MansonD0000711321:183:4813:4900% 001
Logan O'ConnorLW/RW000001005:450:0000:0000% 000
Matthew TkachukLW112-1724020:504:2212:340100% 110
Sean CouturierC022-1226118:424:2223:29038% 2600
Sonny MilanoLW/RW0000022213:430:0200:0000% 110
Teuvo TeravainenC/LW/RW0000214115:053:5920:00050% 200
Islanders
Player Name POS G A P +/- PIM HIT SHT SB MP PP MP PP SHT PK MP PK SHT FO% FOT GA TA
Adam FantilliC1120413016:424:5210:00090% 2010
Anders LeeC/LW/RW1010232016:314:5200:01050% 200
Barrett HaytonC0000022011:340:0003:52083% 1200
Boone JennerC/LW/RW0001036117:190:0004:55175% 411
Bowen ByramD1012022225:034:5514:0010% 000
Brady SkjeiD011-1001221:304:5314:2300% 001
Brock NelsonC/LW/RW0220011016:104:5400:1800% 010
Chandler StephensonC/LW1011045017:030:0204:25061% 1800
Clayton KellerC/LW/RW0110000015:534:5200:00020% 1000
David PerronLW/RW0110233015:294:5400:0000% 000
Dysin MayoD0000022215:141:0400:0000% 000
Jacob TroubaD000-1510120:543:4904:0500% 000
Jake McCabeD0002232122:244:5103:0500% 012
Jesper BrattLW/RW0110014015:584:5200:05033% 300
Kyle CapobiancoD0000000115:010:0001:1200% 000
Kyle OkposoLW/RW000051006:190:0000:0000% 000
Nick BoninoC/LW/RW000001107:330:0000:0000% 100
Nick SchmaltzC/LW/RW0111514114:470:0003:0500% 100

Avalanche

5 vs 5 Forward
Line #Left WingCenterRight WingPHYDFOFWanted %Time %Time Play
1Matthew TkachukSean CouturierAndrew Mangiapane1223027%11:30
2Andre BurakovskyJordan KyrouTeuvo Teravainen1223027%11:28
3Sonny MilanoJaycob MegnaJoel Armia1223031%13:08
4Logan O'ConnorAdam RuzickaMatthew Tkachuk1221014%5:45
5 vs 5 Defense
Line #DefenseDefensePHYDFOFWanted %Time %Time Play
1Drew DoughtyDougie Hamilton1223033%13:55
2Adam PelechJosh Manson1223030%12:31
3Connor MurphyJani Hakanpaa1223027%11:21
4Drew DoughtyDougie Hamilton1221010%4:04
Power Play Forward
Line #Left WingCenterRight WingPHYDFOFWanted %Time %Time Play
1Matthew TkachukSean CouturierAndrew Mangiapane1225052%4:24
2Andre BurakovskyJordan KyrouTeuvo Teravainen1225048%3:59
Power Play Defense
Line #DefenseDefensePHYDFOFWanted %Time %Time Play
1Drew DoughtyDougie Hamilton1225046%3:50
2Adam PelechJosh Manson1225054%4:33
Penalty Kill 4 Players Forward
Line #CenterWingPHYDFOFWanted %Time %Time Play
1Matthew TkachukSean Couturier1225053%5:11
2Andre BurakovskyAndrew Mangiapane1225047%4:35
Penalty Kill 4 Players Defense
Line #DefenseDefensePHYDFOFWanted %Time %Time Play
1Drew DoughtyDougie Hamilton1225052%5:02
2Adam PelechJosh Manson1225048%4:44
Penalty Kill 3 Players
Line #WingPHYDFOFWanted %Time %Time PlayDefenseDefensePHYDFOFWanted %Time %Time Play
1Matthew Tkachuk122500%0:00 Drew DoughtyDougie Hamilton122500%0:00
2Sean Couturier122500%0:00 Adam PelechJosh Manson122500%0:00
4 vs 4 Forward
Line #CenterWingPHYDFOFWanted %Time %Time Play
1Matthew TkachukSean Couturier122500%0:00
2Andre BurakovskyAndrew Mangiapane122500%0:00
4 vs 4 Defense
Line #DefensePHYDFOFWanted %Time %Time Play
1Drew DoughtyDougie Hamilton122500%0:00
2Adam PelechJosh Manson122500%0:00
Last Minutes Offensive
Left WingCenterRight WingDefenseDefense
Matthew TkachukSean CouturierAndrew MangiapaneDrew DoughtyDougie Hamilton
Last Minutes Defensive
Left WingCenterRight WingDefenseDefense
Matthew TkachukSean CouturierAndrew MangiapaneDrew DoughtyDougie Hamilton
Time
Total ForwardTotal DefenseLast Minutes OffensiveLast Minutes Defensive
60:00 60:00 0:000:00
Extra Forwards
Normal PowerPlayPenalty Kill
Andrew Cristall, Sonny Milano, Jaycob MegnaAndrew Cristall, Sonny MilanoJaycob Megna
Extra Defensemen
Normal PowerPlayPenalty Kill
Connor Murphy, Jani Hakanpaa, Adam PelechConnor Murphy, Jani HakanpaaAdam Pelech
Penalty Shots
Matthew Tkachuk, Sean Couturier, Andre Burakovsky, Andrew Mangiapane, Jordan Kyrou
Goalie
Robin Lehner, Spencer Knight
Custom OT Lines Forwards
Matthew Tkachuk, Sean Couturier, Andre Burakovsky, Andrew Mangiapane, Jordan Kyrou, Teuvo Teravainen, Sonny Milano, Jaycob Megna, Adam Ruzicka, Joel Armia
Custom OT Lines Defensemen
Drew Doughty, Dougie Hamilton, Adam Pelech, Josh Manson, Connor Murphy
Scratches
Axel Andersson (Healthy), Cole Perfetti (Healthy)

Islanders

5 vs 5 Forward
Line #Left WingCenterRight WingPHYDFOFWanted %Time %Time Play
1Jesper BrattClayton KellerAnders Lee1223027%11:09
2David PerronAdam FantilliBrock Nelson1043027%11:07
3Nick SchmaltzChandler StephensonBoone Jenner1223029%12:02
4Nick BoninoBarrett HaytonKyle Okposo1221018%7:33
5 vs 5 Defense
Line #DefenseDefensePHYDFOFWanted %Time %Time Play
1Jacob TroubaBrady Skjei1223535%14:32
2Jake McCabeBowen Byram1223535%14:39
3Dysin MayoKyle Capobianco1223030%12:40
4Jacob TroubaBrady Skjei12200%0:00
Power Play Forward
Line #Left WingCenterRight WingPHYDFOFWanted %Time %Time Play
1Jesper BrattClayton KellerAnders Lee1225050%4:52
2David PerronAdam FantilliBrock Nelson1225050%4:54
Power Play Defense
Line #DefenseDefensePHYDFOFWanted %Time %Time Play
1Jacob TroubaBowen Byram1225050%4:55
2Brady SkjeiJake McCabe1225050%4:51
Penalty Kill 4 Players Forward
Line #CenterWingPHYDFOFWanted %Time %Time Play
1Chandler StephensonNick Schmaltz1225055%4:35
2Barrett HaytonBoone Jenner1225045%3:43
Penalty Kill 4 Players Defense
Line #DefenseDefensePHYDFOFWanted %Time %Time Play
1Brady SkjeiJake McCabe1225052%4:18
2Jacob TroubaBowen Byram1225048%4:00
Penalty Kill 3 Players
Line #WingPHYDFOFWanted %Time %Time PlayDefenseDefensePHYDFOFWanted %Time %Time Play
1Jesper Bratt12250100%0:05 Jacob TroubaBrady Skjei12250100%0:05
2Clayton Keller122500%0:00 Jake McCabeBowen Byram122500%0:00
4 vs 4 Forward
Line #CenterWingPHYDFOFWanted %Time %Time Play
1Jesper BrattClayton Keller122500%0:00
2Anders LeeDavid Perron122500%0:00
4 vs 4 Defense
Line #DefensePHYDFOFWanted %Time %Time Play
1Jacob TroubaBrady Skjei122500%0:00
2Jake McCabeBowen Byram122500%0:00
Last Minutes Offensive
Left WingCenterRight WingDefenseDefense
Jesper BrattClayton KellerAnders LeeJacob TroubaBrady Skjei
Last Minutes Defensive
Left WingCenterRight WingDefenseDefense
Jesper BrattClayton KellerAnders LeeJacob TroubaBrady Skjei
Time
Total ForwardTotal DefenseLast Minutes OffensiveLast Minutes Defensive
60:00 60:00 0:000:00
Extra Forwards
Normal PowerPlayPenalty Kill
Adam Fantilli, Chandler Stephenson, Nick SchmaltzAdam Fantilli, Chandler StephensonNick Schmaltz
Extra Defensemen
Normal PowerPlayPenalty Kill
Dysin Mayo, Kyle Capobianco, Jake McCabeDysin Mayo, Kyle CapobiancoJake McCabe
Penalty Shots
Jesper Bratt, Clayton Keller, Anders Lee, David Perron, Boone Jenner
Goalie
Karel Vejmelka, Joseph Woll
Custom OT Lines Forwards
Jesper Bratt, Clayton Keller, Anders Lee, David Perron, Boone Jenner, Brock Nelson, Chandler Stephenson, Nick Schmaltz, Barrett Hayton, Adam Fantilli
Custom OT Lines Defensemen
Jacob Trouba, Brady Skjei, Jake McCabe, Bowen Byram, Dysin Mayo
Scratches
Barclay Goodrow (Healthy), Christian Dvorak (Healthy), Lars Eller (Healthy), Tyler Johnson (Healthy)


Play-by-Play

1st period


0:01 of 1st period - Sean Couturier wins face-off versus Clayton Keller in neutral zone.
0:12 of 1st period - Snap shot by Sean Couturier.
0:12 of 1st period - Shot Misses the Net.
0:14 of 1st period - Wrist shot by Drew Doughty.
0:14 of 1st period - Goal by Drew Doughty - Avalanche : 1 - Islanders : 0.
0:15 of 1st period - Adam Fantilli wins face-off versus Jordan Kyrou in neutral zone.
0:40 of 1st period - Nick Schmaltz is hit by Logan O'Connor and loses puck.
0:51 of 1st period - Snap shot by Nick Schmaltz.
0:51 of 1st period - Stopped by Robin Lehner without a rebound.
0:52 of 1st period - Barrett Hayton wins face-off versus Jaycob Megna in Avalanche zone.
0:57 of 1st period - Wrist shot by Barrett Hayton.
0:57 of 1st period - Shot Blocked by Jaycob Megna.
1:19 of 1st period - Icing by Jesper Bratt.
1:20 of 1st period - Sean Couturier wins face-off versus Clayton Keller in Islanders zone.
1:23 of 1st period - Slapshot by Matthew Tkachuk.
1:23 of 1st period - Stopped by Karel Vejmelka without a rebound.
1:24 of 1st period - Chandler Stephenson wins face-off versus Sean Couturier in Islanders zone.
1:39 of 1st period - Snap shot by Sean Couturier.
1:39 of 1st period - Stopped by Karel Vejmelka with a rebound.
2:01 of 1st period - Snap shot by Brock Nelson.
2:01 of 1st period - Stopped by Robin Lehner with a rebound.
2:57 of 1st period - Wrist shot by Chandler Stephenson.
2:57 of 1st period - Shot Misses the Net.
2:59 of 1st period - Snap shot by Nick Schmaltz.
2:59 of 1st period - Stopped by Robin Lehner with a rebound.
3:01 of 1st period - Slapshot by Nick Schmaltz.
3:01 of 1st period - Deflect By Chandler Stephenson.
3:01 of 1st period - Shot Misses the Net.
3:01 of 1st period - Puck is out of play.
3:02 of 1st period - Adam Fantilli wins face-off versus Joel Armia in Avalanche zone.
3:15 of 1st period - Snap shot by Brock Nelson.
3:15 of 1st period - Shot Blocked by Jaycob Megna.
3:33 of 1st period - Minor Penalty to Sean Couturier for Hooking.
3:34 of 1st period - Matthew Tkachuk wins face-off versus Clayton Keller in Avalanche zone.
4:30 of 1st period - Brock Nelson is hit by Andrew Mangiapane and loses puck.
5:01 of 1st period - Matthew Tkachuk is hit by Anders Lee and loses puck.
5:28 of 1st period - Brady Skjei is hit by Adam Pelech and loses puck.
5:33 of 1st period - Penalty to Sean Couturier is over, Sean Couturier is back on ice.
5:46 of 1st period - Jaycob Megna is hit by Nick Schmaltz.
6:28 of 1st period - Logan O'Connor is hit by Adam Fantilli.
6:48 of 1st period - Wrist shot by Sean Couturier.
6:48 of 1st period - Stopped by Karel Vejmelka without a rebound.
6:49 of 1st period - Sean Couturier wins face-off versus Chandler Stephenson in Islanders zone.
6:58 of 1st period - Adam Pelech is hit by Boone Jenner.
8:18 of 1st period - Snap shot by Chandler Stephenson.
8:18 of 1st period - Shot Blocked by Josh Manson.
8:20 of 1st period - Slapshot by Jake McCabe.
8:20 of 1st period - Shot Misses the Net.
8:22 of 1st period - Snap shot by Chandler Stephenson.
8:22 of 1st period - Stopped by Robin Lehner with a rebound.
9:04 of 1st period - Snap shot by Andre Burakovsky.
9:04 of 1st period - Stopped by Karel Vejmelka without a rebound.
9:05 of 1st period - Adam Fantilli wins face-off versus Jordan Kyrou in Islanders zone.
9:59 of 1st period - Chandler Stephenson is hit by Andre Burakovsky and loses puck.
10:14 of 1st period - Wrist shot by Sean Couturier.
10:14 of 1st period - Deflect By Andrew Mangiapane.
10:14 of 1st period - Stopped by Karel Vejmelka with a rebound.
10:16 of 1st period - Wrist shot by Drew Doughty.
10:16 of 1st period - Shot Misses the Net.
10:24 of 1st period - Sean Couturier is hit by Dysin Mayo and loses puck.
10:42 of 1st period - Sonny Milano is hit by Jake McCabe and loses puck.
11:14 of 1st period - Off-side.
11:15 of 1st period - Chandler Stephenson wins face-off versus Teuvo Teravainen in neutral zone.
11:46 of 1st period - Connor Murphy is hit by Jesper Bratt.
11:50 of 1st period - Slapshot by Jesper Bratt.
11:50 of 1st period - Stopped by Robin Lehner with a rebound.
11:52 of 1st period - Slapshot by Dysin Mayo.
11:52 of 1st period - Stopped by Robin Lehner without a rebound.
11:53 of 1st period - Adam Fantilli wins face-off versus Sean Couturier in Avalanche zone.
11:54 of 1st period - Wrist shot by David Perron.
11:54 of 1st period - Shot Misses the Net.
11:59 of 1st period - Minor Penalty to Adam Fantilli for Holding.
12:00 of 1st period - Sean Couturier wins face-off versus Chandler Stephenson in Islanders zone.
12:04 of 1st period - Snap shot by Sean Couturier.
12:04 of 1st period - Shot Blocked by Nick Schmaltz.
12:26 of 1st period - Teuvo Teravainen is hit by Barrett Hayton and loses puck.
12:38 of 1st period - Snap shot by Boone Jenner.
12:38 of 1st period - Shot Misses the Net.
13:40 of 1st period - Boone Jenner is hit by Andrew Mangiapane and loses puck.
13:59 of 1st period - Penalty to Adam Fantilli is over, Adam Fantilli is back on ice.
14:20 of 1st period - Icing by Anders Lee.
14:21 of 1st period - Anders Lee wins face-off versus Adam Ruzicka in Islanders zone.
16:04 of 1st period - Snap shot by Jordan Kyrou.
16:04 of 1st period - Shot Blocked by Jacob Trouba.
16:22 of 1st period - Icing by Josh Manson.
16:23 of 1st period - Adam Ruzicka wins face-off versus Chandler Stephenson in Avalanche zone.
16:23 of 1st period - Josh Manson beats up Nick Schmaltz.
16:23 of 1st period - Penalty to Nick Schmaltz for Fighting.
16:23 of 1st period - Penalty to Josh Manson for Fighting.
16:24 of 1st period - Sean Couturier wins face-off versus Clayton Keller in Avalanche zone.
16:33 of 1st period - Slapshot by Andrew Mangiapane.
16:33 of 1st period - Shot Misses the Net.
16:51 of 1st period - Andre Burakovsky is hit by Boone Jenner and loses puck.
17:00 of 1st period - Wrist shot by Andre Burakovsky.
17:00 of 1st period - Shot Blocked by Boone Jenner.
17:53 of 1st period - Wrist shot by Barrett Hayton.
17:53 of 1st period - Deflect By Kyle Okposo.
17:53 of 1st period - Shot Blocked by Drew Doughty.
17:53 of 1st period - Puck is out of play.
17:54 of 1st period - Sean Couturier wins face-off versus Clayton Keller in Avalanche zone.
17:54 of 1st period - Sean Couturier is hit by Bowen Byram.
18:04 of 1st period - Snap shot by Clayton Keller.
18:04 of 1st period - Deflect By Anders Lee.
18:04 of 1st period - Goal by Anders Lee - Avalanche : 1 - Islanders : 1.
18:05 of 1st period - Sean Couturier wins face-off versus Anders Lee in neutral zone.
18:15 of 1st period - Snap shot by Matthew Tkachuk.
18:15 of 1st period - Stopped by Karel Vejmelka with a rebound.
18:17 of 1st period - Wrist shot by Andrew Mangiapane.
18:17 of 1st period - Shot Blocked by Jake McCabe.
18:19 of 1st period - Slapshot by Dougie Hamilton.
18:19 of 1st period - Stopped by Karel Vejmelka without a rebound.
18:20 of 1st period - Chandler Stephenson wins face-off versus Jordan Kyrou in Islanders zone.
18:20 of 1st period - Chandler Stephenson is hit by Connor Murphy.
18:42 of 1st period - Minor Penalty to Connor Murphy for Tripping.
18:43 of 1st period - Adam Fantilli wins face-off versus Andre Burakovsky in Avalanche zone.
18:44 of 1st period - Snap shot by David Perron.
18:44 of 1st period - Shot Blocked by Drew Doughty.
18:46 of 1st period - Slapshot by Bowen Byram.
18:46 of 1st period - Goal by Bowen Byram - Avalanche : 1 - Islanders : 2.
18:47 of 1st period - Clayton Keller wins face-off versus Sean Couturier in neutral zone.
18:50 of 1st period - Snap shot by Jesper Bratt.
18:50 of 1st period - Stopped by Robin Lehner with a rebound.
18:55 of 1st period - Minor Penalty to Anders Lee for Interference.
18:56 of 1st period - Jordan Kyrou wins face-off versus Boone Jenner in Islanders zone.
Goals for this period are 1 for Avalanche vs 2 for Islanders.
Shots for this period are 8 for Avalanche vs 9 for Islanders.

2nd period


0:01 of 2nd period - Barrett Hayton wins face-off versus Jordan Kyrou in neutral zone.
0:14 of 2nd period - Snap shot by Andre Burakovsky.
0:14 of 2nd period - Stopped by Karel Vejmelka without a rebound.
0:15 of 2nd period - Sean Couturier wins face-off versus Chandler Stephenson in Islanders zone.
0:55 of 2nd period - Penalty to Anders Lee is over, Anders Lee is back on ice.
1:06 of 2nd period - Wrist shot by Adam Fantilli.
1:06 of 2nd period - Shot Blocked by Connor Murphy.
1:20 of 2nd period - Anders Lee is hit by Joel Armia and loses puck.
1:45 of 2nd period - Snap shot by Teuvo Teravainen.
1:45 of 2nd period - Shot Misses the Net.
1:47 of 2nd period - Slapshot by Dougie Hamilton.
1:47 of 2nd period - Stopped by Karel Vejmelka without a rebound.
1:48 of 2nd period - Adam Fantilli wins face-off versus Sonny Milano in Islanders zone.
1:55 of 2nd period - Snap shot by David Perron.
1:55 of 2nd period - Stopped by Robin Lehner without a rebound.
1:56 of 2nd period - Adam Fantilli wins face-off versus Jaycob Megna in Avalanche zone.
1:59 of 2nd period - Slapshot by Adam Fantilli.
1:59 of 2nd period - Stopped by Robin Lehner without a rebound.
2:00 of 2nd period - Chandler Stephenson wins face-off versus Sean Couturier in Avalanche zone.
2:00 of 2nd period - Jacob Trouba and Matthew Tkachuk fight to a draw.
2:00 of 2nd period - Penalty to Jacob Trouba for Fighting.
2:00 of 2nd period - Penalty to Matthew Tkachuk for Fighting.
2:01 of 2nd period - Chandler Stephenson wins face-off versus Sean Couturier in Avalanche zone.
2:14 of 2nd period - Snap shot by Chandler Stephenson.
2:14 of 2nd period - Stopped by Robin Lehner with a rebound.
2:28 of 2nd period - Brady Skjei is hit by Connor Murphy and loses puck.
2:47 of 2nd period - Snap shot by Barrett Hayton.
2:47 of 2nd period - Stopped by Robin Lehner without a rebound.
2:48 of 2nd period - Jaycob Megna wins face-off versus Nick Bonino in Avalanche zone.
2:52 of 2nd period - Kyle Okposo and Drew Doughty fight to a draw.
2:52 of 2nd period - Penalty to Kyle Okposo for Fighting.
2:52 of 2nd period - Penalty to Drew Doughty for Fighting.
2:52 of 2nd period - Penalty to Drew Doughty for instigated a fight.
2:52 of 2nd period - Penalty to Drew Doughty for instigated and being the aggresor in a fight.
2:52 of 2nd period - Drew Doughty is ejected from game.
2:53 of 2nd period - Andre Burakovsky wins face-off versus Adam Fantilli in Avalanche zone.
3:27 of 2nd period - Wrist shot by Andrew Mangiapane.
3:27 of 2nd period - Shot Blocked by Dysin Mayo.
3:44 of 2nd period - Brock Nelson is hit by Sean Couturier and loses puck.
4:52 of 2nd period - Penalty to Drew Doughty is over, Jaycob Megna is send on ice.
4:55 of 2nd period - Andrew Mangiapane is hit by Brock Nelson and loses puck.
5:06 of 2nd period - Adam Pelech is hit by Nick Bonino and loses puck.
5:21 of 2nd period - Jani Hakanpaa is hit by Boone Jenner and loses puck.
5:52 of 2nd period - Anders Lee is hit by Joel Armia and loses puck.
6:23 of 2nd period - Nick Schmaltz is hit by Sonny Milano and loses puck.
7:20 of 2nd period - Jake McCabe is hit by Josh Manson and loses puck.
7:55 of 2nd period - Dougie Hamilton is hit by Barrett Hayton.
8:05 of 2nd period - Brady Skjei is hit by Adam Pelech and loses puck.
8:33 of 2nd period - Nick Schmaltz is hit by Jaycob Megna and loses puck.
8:44 of 2nd period - Slapshot by Matthew Tkachuk.
8:44 of 2nd period - Stopped by Karel Vejmelka with a rebound.
8:46 of 2nd period - Slapshot by Jani Hakanpaa.
8:46 of 2nd period - Shot Blocked by Dysin Mayo.
9:09 of 2nd period - Teuvo Teravainen is hit by Anders Lee and loses puck.
9:57 of 2nd period - Andre Burakovsky is hit by David Perron and loses puck.
10:42 of 2nd period - Andre Burakovsky is hit by David Perron.
11:03 of 2nd period - Jacob Trouba is hit by Adam Ruzicka and loses puck.
11:24 of 2nd period - Wrist shot by Nick Bonino.
11:24 of 2nd period - Shot Blocked by Sonny Milano.
11:26 of 2nd period - Slapshot by Dysin Mayo.
11:26 of 2nd period - Deflect By Joel Armia.
11:26 of 2nd period - Stopped by Robin Lehner with a rebound.
11:42 of 2nd period - Matthew Tkachuk is hit by Jake McCabe and loses puck.
12:12 of 2nd period - Off-side.
12:13 of 2nd period - Sean Couturier wins face-off versus Clayton Keller in neutral zone.
12:16 of 2nd period - Jesper Bratt is hit by Adam Pelech and loses puck.
12:46 of 2nd period - Andre Burakovsky is hit by Chandler Stephenson.
13:10 of 2nd period - Slapshot by Dougie Hamilton.
13:10 of 2nd period - Stopped by Karel Vejmelka without a rebound.
13:11 of 2nd period - Chandler Stephenson wins face-off versus Sean Couturier in Islanders zone.
13:11 of 2nd period - Chandler Stephenson is hit by Jani Hakanpaa.
13:37 of 2nd period - Adam Fantilli is hit by Jani Hakanpaa and loses puck.
14:06 of 2nd period - Wrist shot by Jesper Bratt.
14:06 of 2nd period - Shot Blocked by Adam Pelech.
14:08 of 2nd period - Slapshot by Jesper Bratt.
14:08 of 2nd period - Shot Blocked by Teuvo Teravainen.
14:10 of 2nd period - Slapshot by Jake McCabe.
14:10 of 2nd period - Stopped by Robin Lehner with a rebound.
14:26 of 2nd period - Andre Burakovsky is hit by Chandler Stephenson and loses puck.
14:43 of 2nd period - Snap shot by Nick Bonino.
14:43 of 2nd period - Shot Misses the Net.
14:45 of 2nd period - Slapshot by Nick Bonino.
14:45 of 2nd period - Stopped by Robin Lehner without a rebound.
14:46 of 2nd period - Adam Fantilli wins face-off versus Jaycob Megna in Avalanche zone.
14:49 of 2nd period - Slapshot by Brock Nelson.
14:49 of 2nd period - Shot Misses the Net.
15:18 of 2nd period - Slapshot by Jesper Bratt.
15:18 of 2nd period - Shot Misses the Net.
15:51 of 2nd period - Snap shot by Sean Couturier.
15:51 of 2nd period - Stopped by Karel Vejmelka without a rebound.
15:52 of 2nd period - Boone Jenner wins face-off versus Jaycob Megna in Islanders zone.
16:03 of 2nd period - Wrist shot by Boone Jenner.
16:03 of 2nd period - Stopped by Robin Lehner with a rebound.
16:05 of 2nd period - Slapshot by Boone Jenner.
16:05 of 2nd period - Stopped by Robin Lehner without a rebound.
16:06 of 2nd period - Clayton Keller wins face-off versus Jordan Kyrou in Avalanche zone.
16:07 of 2nd period - Snap shot by Jesper Bratt.
16:07 of 2nd period - Shot Blocked by Dougie Hamilton.
16:09 of 2nd period - Snap shot by Jake McCabe.
16:09 of 2nd period - Shot Blocked by Jordan Kyrou.
16:11 of 2nd period - Snap shot by Anders Lee.
16:11 of 2nd period - Stopped by Robin Lehner with a rebound.
16:31 of 2nd period - Brock Nelson is hit by Sonny Milano and loses puck.
16:36 of 2nd period - Snap shot by Sonny Milano.
16:36 of 2nd period - Stopped by Karel Vejmelka with a rebound.
17:12 of 2nd period - Snap shot by Andre Burakovsky.
17:12 of 2nd period - Shot Misses the Net.
17:14 of 2nd period - Slapshot by Connor Murphy.
17:14 of 2nd period - Deflect By Jordan Kyrou.
17:14 of 2nd period - Shot Blocked by Kyle Capobianco.
17:14 of 2nd period - Puck is out of play.
17:15 of 2nd period - Jordan Kyrou wins face-off versus Nick Schmaltz in Islanders zone.
17:16 of 2nd period - Backhand shot by Andre Burakovsky.
17:16 of 2nd period - Stopped by Karel Vejmelka with a rebound.
17:40 of 2nd period - Connor Murphy is hit by Anders Lee and loses puck.
17:52 of 2nd period - 10 Minutes Misconduct Penalty to Drew Doughty is over.
18:20 of 2nd period - Snap shot by Andre Burakovsky.
18:20 of 2nd period - Shot Misses the Net.
18:26 of 2nd period - Andre Burakovsky is hit by Dysin Mayo.
18:59 of 2nd period - Slapshot by Jesper Bratt.
18:59 of 2nd period - Stopped by Robin Lehner with a rebound.
19:01 of 2nd period - Slapshot by Dysin Mayo.
19:01 of 2nd period - Shot Blocked by Jaycob Megna.
19:03 of 2nd period - Backhand shot by Kyle Capobianco.
19:03 of 2nd period - Deflect By Anders Lee.
19:03 of 2nd period - Shot Misses the Net.
19:03 of 2nd period - Puck is out of play.
19:04 of 2nd period - Adam Fantilli wins face-off versus Jordan Kyrou in Avalanche zone.
19:54 of 2nd period - Snap shot by Chandler Stephenson.
19:54 of 2nd period - Stopped by Robin Lehner with a rebound.
19:56 of 2nd period - Slapshot by Jake McCabe.
19:56 of 2nd period - Shot Blocked by Adam Ruzicka.
0:00 of 3rd period - Minor Penalty to Matthew Tkachuk for Delaying the game.
Goals for this period are 0 for Avalanche vs 0 for Islanders.
Shots for this period are 7 for Avalanche vs 12 for Islanders.

3rd period


0:01 of 3rd period - Adam Fantilli wins face-off versus Andre Burakovsky in neutral zone.
0:50 of 3rd period - Wrist shot by Jesper Bratt.
0:50 of 3rd period - Shot Blocked by Josh Manson.
2:00 of 3rd period - Penalty to Matthew Tkachuk is over, Matthew Tkachuk is back on ice.
2:10 of 3rd period - Snap shot by Barrett Hayton.
2:10 of 3rd period - Stopped by Robin Lehner without a rebound.
2:11 of 3rd period - Barrett Hayton wins face-off versus Jaycob Megna in Avalanche zone.
2:12 of 3rd period - Snap shot by Nick Bonino.
2:12 of 3rd period - Shot Misses the Net.
2:18 of 3rd period - Snap shot by Sonny Milano.
2:18 of 3rd period - Stopped by Karel Vejmelka without a rebound.
2:19 of 3rd period - Boone Jenner wins face-off versus Jaycob Megna in Islanders zone.
2:32 of 3rd period - Wrist shot by Nick Schmaltz.
2:32 of 3rd period - Stopped by Robin Lehner with a rebound.
2:34 of 3rd period - Snap shot by Boone Jenner.
2:34 of 3rd period - Stopped by Robin Lehner with a rebound.
2:52 of 3rd period - Wrist shot by Jesper Bratt.
2:52 of 3rd period - Stopped by Robin Lehner without a rebound.
2:53 of 3rd period - Adam Fantilli wins face-off versus Sean Couturier in Avalanche zone.
3:00 of 3rd period - Wrist shot by Adam Fantilli.
3:00 of 3rd period - Stopped by Robin Lehner without a rebound.
3:01 of 3rd period - Adam Fantilli wins face-off versus Sean Couturier in Avalanche zone.
3:12 of 3rd period - Wrist shot by David Perron.
3:12 of 3rd period - Stopped by Robin Lehner with a rebound.
3:14 of 3rd period - Slapshot by Jake McCabe.
3:14 of 3rd period - Shot Blocked by Sean Couturier.
3:16 of 3rd period - Slapshot by Jake McCabe.
3:16 of 3rd period - Shot Blocked by Josh Manson.
3:22 of 3rd period - Minor Penalty to Josh Manson for High sticking.
3:23 of 3rd period - Andre Burakovsky wins face-off versus Clayton Keller in Avalanche zone.
3:32 of 3rd period - Jake McCabe is hit by Adam Pelech and loses puck.
3:39 of 3rd period - Wrist shot by Brady Skjei.
3:39 of 3rd period - Stopped by Robin Lehner without a rebound.
3:40 of 3rd period - Adam Fantilli wins face-off versus Andre Burakovsky in Avalanche zone.
4:07 of 3rd period - Jani Hakanpaa is hit by Bowen Byram and loses puck.
5:22 of 3rd period - Penalty to Josh Manson is over, Josh Manson is back on ice.
5:27 of 3rd period - Jani Hakanpaa is hit by Chandler Stephenson and loses puck.
6:16 of 3rd period - Slapshot by Dougie Hamilton.
6:16 of 3rd period - Stopped by Karel Vejmelka without a rebound.
6:17 of 3rd period - Chandler Stephenson wins face-off versus Jaycob Megna in Islanders zone.
6:47 of 3rd period - Brady Skjei is hit by Matthew Tkachuk and loses puck.
7:06 of 3rd period - Josh Manson is hit by Kyle Okposo and loses puck.
7:49 of 3rd period - Wrist shot by Chandler Stephenson.
7:49 of 3rd period - Goal by Chandler Stephenson - Avalanche : 1 - Islanders : 3.
7:50 of 3rd period - Jordan Kyrou wins face-off versus Adam Fantilli in neutral zone.
7:50 of 3rd period - Andre Burakovsky is hit by David Perron.
7:55 of 3rd period - Wrist shot by Teuvo Teravainen.
7:55 of 3rd period - Stopped by Karel Vejmelka without a rebound.
7:56 of 3rd period - Adam Fantilli wins face-off versus Sean Couturier in Islanders zone.
7:58 of 3rd period - Minor Penalty to David Perron for Hooking.
7:59 of 3rd period - Barrett Hayton wins face-off versus Sean Couturier in Islanders zone.
7:59 of 3rd period - Barrett Hayton is hit by Sean Couturier.
8:12 of 3rd period - Slapshot by Josh Manson.
8:12 of 3rd period - Deflect By Matthew Tkachuk.
8:12 of 3rd period - Shot Misses the Net.
8:12 of 3rd period - Puck is out of play.
8:13 of 3rd period - Jordan Kyrou wins face-off versus Chandler Stephenson in Islanders zone.
8:18 of 3rd period - Snap shot by Teuvo Teravainen.
8:18 of 3rd period - Shot Blocked by Brady Skjei.
8:25 of 3rd period - Minor Penalty to Jake McCabe for Holding.
8:26 of 3rd period - Andrew Mangiapane wins face-off versus Jesper Bratt in Islanders zone.
8:26 of 3rd period - Snap shot by Matthew Tkachuk.
8:26 of 3rd period - Shot Misses the Net.
8:28 of 3rd period - Slapshot by Andrew Mangiapane.
8:28 of 3rd period - Stopped by Karel Vejmelka without a rebound.
8:29 of 3rd period - Sean Couturier wins face-off versus Jesper Bratt in Islanders zone.
8:30 of 3rd period - Snap shot by Matthew Tkachuk.
8:30 of 3rd period - Goal by Matthew Tkachuk - Avalanche : 2 - Islanders : 3.
8:31 of 3rd period - Andrew Mangiapane wins face-off versus Barrett Hayton in neutral zone.
8:34 of 3rd period - Slapshot by Sean Couturier.
8:34 of 3rd period - Stopped by Karel Vejmelka without a rebound.
8:35 of 3rd period - Barrett Hayton wins face-off versus Sean Couturier in Islanders zone.
8:47 of 3rd period - Icing by Dougie Hamilton.
8:48 of 3rd period - Barrett Hayton wins face-off versus Andrew Mangiapane in Avalanche zone.
8:49 of 3rd period - Snap shot by Boone Jenner.
8:49 of 3rd period - Stopped by Robin Lehner without a rebound.
8:50 of 3rd period - Barrett Hayton wins face-off versus Andre Burakovsky in Avalanche zone.
8:55 of 3rd period - Wrist shot by Teuvo Teravainen.
8:55 of 3rd period - Shot Blocked by Bowen Byram.
8:57 of 3rd period - Snap shot by Andre Burakovsky.
8:57 of 3rd period - Deflect By Teuvo Teravainen.
8:57 of 3rd period - Shot Misses the Net.
8:57 of 3rd period - Puck is out of play.
8:58 of 3rd period - Barrett Hayton wins face-off versus Jordan Kyrou in Islanders zone.
9:06 of 3rd period - Off-side.
9:07 of 3rd period - Barrett Hayton wins face-off versus Sean Couturier in neutral zone.
9:38 of 3rd period - Wrist shot by Jordan Kyrou.
9:38 of 3rd period - Shot Misses the Net.
9:40 of 3rd period - Snap shot by Adam Pelech.
9:40 of 3rd period - Shot Misses the Net.
9:42 of 3rd period - Slapshot by Josh Manson.
9:42 of 3rd period - Stopped by Karel Vejmelka with a rebound.
10:25 of 3rd period - Penalty to Jake McCabe is over, Jake McCabe is back on ice.
10:30 of 3rd period - Snap shot by Nick Schmaltz.
10:30 of 3rd period - Shot Blocked by Dougie Hamilton.
10:32 of 3rd period - Snap shot by Jake McCabe.
10:32 of 3rd period - Stopped by Robin Lehner without a rebound.
10:33 of 3rd period - Adam Fantilli wins face-off versus Jaycob Megna in Avalanche zone.
10:34 of 3rd period - Wrist shot by Brock Nelson.
10:34 of 3rd period - Shot Misses the Net.
10:36 of 3rd period - Slapshot by Brock Nelson.
10:36 of 3rd period - Deflect By David Perron.
10:36 of 3rd period - Stopped by Robin Lehner without a rebound.
10:37 of 3rd period - Adam Fantilli wins face-off versus Sean Couturier in Avalanche zone.
11:06 of 3rd period - Snap shot by Andre Burakovsky.
11:06 of 3rd period - Stopped by Karel Vejmelka with a rebound.
11:08 of 3rd period - Slapshot by Jordan Kyrou.
11:08 of 3rd period - Shot Misses the Net.
11:10 of 3rd period - Slapshot by Connor Murphy.
11:10 of 3rd period - Shot Blocked by Bowen Byram.
11:12 of 3rd period - Snap shot by Andre Burakovsky.
11:12 of 3rd period - Stopped by Karel Vejmelka without a rebound.
11:13 of 3rd period - Chandler Stephenson wins face-off versus Jaycob Megna in Islanders zone.
11:20 of 3rd period - Adam Pelech is hit by Chandler Stephenson.
12:09 of 3rd period - Wrist shot by Sean Couturier.
12:09 of 3rd period - Stopped by Karel Vejmelka with a rebound.
12:11 of 3rd period - Snap shot by Andrew Mangiapane.
12:11 of 3rd period - Stopped by Karel Vejmelka without a rebound.
12:12 of 3rd period - Adam Fantilli wins face-off versus Jordan Kyrou in Islanders zone.
12:12 of 3rd period - Adam Fantilli is hit by Teuvo Teravainen.
12:24 of 3rd period - Snap shot by Teuvo Teravainen.
12:24 of 3rd period - Stopped by Karel Vejmelka with a rebound.
12:26 of 3rd period - Snap shot by Jani Hakanpaa.
12:26 of 3rd period - Stopped by Karel Vejmelka with a rebound.
12:34 of 3rd period - Minor Penalty to Adam Fantilli for Holding.
12:35 of 3rd period - Teuvo Teravainen wins face-off versus Barrett Hayton in Islanders zone.
12:42 of 3rd period - Snap shot by Teuvo Teravainen.
12:42 of 3rd period - Stopped by Karel Vejmelka without a rebound.
12:43 of 3rd period - Barrett Hayton wins face-off versus Jordan Kyrou in Islanders zone.
12:58 of 3rd period - Snap shot by Teuvo Teravainen.
12:58 of 3rd period - Stopped by Karel Vejmelka with a rebound.
13:28 of 3rd period - Slapshot by Brady Skjei.
13:28 of 3rd period - Shot Misses the Net.
13:56 of 3rd period - Backhand shot by Bowen Byram.
13:56 of 3rd period - Stopped by Robin Lehner without a rebound.
13:57 of 3rd period - Chandler Stephenson wins face-off versus Sean Couturier in Avalanche zone.
14:05 of 3rd period - Icing by Andrew Mangiapane.
14:06 of 3rd period - Chandler Stephenson wins face-off versus Sean Couturier in Avalanche zone.
14:21 of 3rd period - Wrist shot by Andrew Mangiapane.
14:21 of 3rd period - Shot Blocked by Brady Skjei.
14:31 of 3rd period - Wrist shot by Sean Couturier.
14:31 of 3rd period - Stopped by Karel Vejmelka without a rebound.
14:32 of 3rd period - Boone Jenner wins face-off versus Jordan Kyrou in Islanders zone.
14:34 of 3rd period - Penalty to Adam Fantilli is over, Adam Fantilli is back on ice.
14:37 of 3rd period - Snap shot by Boone Jenner.
14:37 of 3rd period - Shot Misses the Net.
14:42 of 3rd period - Off-side.
14:43 of 3rd period - Jesper Bratt wins face-off versus Sean Couturier in neutral zone.
14:58 of 3rd period - Jesper Bratt is hit by Matthew Tkachuk and loses puck.
15:09 of 3rd period - Joel Armia is hit by Jacob Trouba and loses puck.
15:16 of 3rd period - Snap shot by Connor Murphy.
15:16 of 3rd period - Stopped by Karel Vejmelka without a rebound.
15:17 of 3rd period - Jaycob Megna wins face-off versus Chandler Stephenson in Islanders zone.
15:34 of 3rd period - Slapshot by Nick Schmaltz.
15:34 of 3rd period - Shot Misses the Net.
16:13 of 3rd period - Snap shot by David Perron.
16:13 of 3rd period - Shot Misses the Net.
16:15 of 3rd period - Minor Penalty to Teuvo Teravainen for High sticking.
16:16 of 3rd period - Andre Burakovsky wins face-off versus Clayton Keller in Avalanche zone.
16:50 of 3rd period - Wrist shot by Adam Fantilli.
16:50 of 3rd period - Goal by Adam Fantilli - Avalanche : 2 - Islanders : 4.
16:51 of 3rd period - Jaycob Megna wins face-off versus Chandler Stephenson in neutral zone.
17:18 of 3rd period - Matthew Tkachuk is hit by Jake McCabe and loses puck.
17:47 of 3rd period - Brady Skjei is hit by Adam Pelech and loses puck.
18:14 of 3rd period - Snap shot by Chandler Stephenson.
18:14 of 3rd period - Stopped by Robin Lehner with a rebound.
18:16 of 3rd period - Backhand shot by Nick Schmaltz.
18:16 of 3rd period - Stopped by Robin Lehner without a rebound.
18:17 of 3rd period - Chandler Stephenson wins face-off versus Jaycob Megna in Avalanche zone.
18:28 of 3rd period - Wrist shot by Boone Jenner.
18:28 of 3rd period - Shot Misses the Net.
18:36 of 3rd period - Backhand shot by Boone Jenner.
18:36 of 3rd period - Stopped by Robin Lehner with a rebound.
18:38 of 3rd period - Snap shot by Boone Jenner.
18:38 of 3rd period - Shot Blocked by Sonny Milano.
18:40 of 3rd period - Slapshot by Kyle Capobianco.
18:40 of 3rd period - Deflect By Boone Jenner.
18:40 of 3rd period - Stopped by Robin Lehner with a rebound.
18:49 of 3rd period - Minor Penalty to Joel Armia for Hooking.
18:50 of 3rd period - Adam Fantilli wins face-off versus Andre Burakovsky in Avalanche zone.
Goals for this period are 1 for Avalanche vs 2 for Islanders.
Shots for this period are 17 for Avalanche vs 17 for Islanders.